 Dungeon Crawl Stone Soup version 0.29-a0-111-gbaf749a769 (webtiles) character file.

Game seed: 6283706169108928915

127250 drugrobin the Warrior (level 15, -5/143 HPs)
             Began as a Demigod Warper on Feb 18, 2022.
             Shot with an arrow by a satyr (19 damage)
             ... on level 3 of the Shoals.
             The game lasted 02:44:12 (40639 turns).

drugrobin the Warrior (Demigod Warper)             Turns: 40639, Time: 02:44:13

Health: -5/143     AC:  9    Str: 20    XL:     15   Next: 99%
Magic:  0/23       EV: 22    Int: 23    God:
Gold:   352        SH:  0    Dex: 19    Spells: 0/20 levels left

rFire   . . .      SeeInvis +   a - +4 demon trident (vorpal)
rCold   . . .      Faith    .   (no shield)
rNeg    . . .      Spirit   +   T - +0 troll leather armour
rPois   .          Reflect  .   s - +2 hat
rElec   .          Harm     .   b - +0 cloak {rCorr}
rCorr   +          Rampage  .   A - +0 pair of gloves
Will    ++...                   i - +0 pair of boots
Stlth   ++........              S - amulet of guardian spirit
HPRegen 1.13/turn               G - ring of flight
MPRegen 0.18/turn               O - ring of Kairot {Will+ Slay+2 SInv}

@: flying
A: high MP 1, forlorn, divine attributes, agile 1
a: no special abilities


You were on level 3 of the Shoals.
You visited 6 branches of the dungeon, and saw 26 of its levels.

You collected 2901 gold pieces.
You spent 2549 gold pieces at shops.

Inventory:

Hand Weapons
 a - a +4 vorpal demon trident (weapon)
 c - the +9 quarterstaff "Starlight" {speed, rElec rCorr Dex+4}
   (You took it off an orc on level 10 of the Dungeon)

   Attacks with this weapon are significantly faster.
   Dex:       It affects your dexterity (+4).
   rElec:     It insulates you from electricity.
   rCorr:     It protects you from acid and corrosion.
 d - a +0 trident of venom
 e - the +6 spear of Evisceration {freeze, rN++ rCorr}
   (You found it on level 2 of the Dungeon)

   It freezes those it strikes, dealing additional cold damage.
   It can also slow down cold-blooded creatures.
   rN:        It greatly protects you from negative energy.
   rCorr:     It protects you from acid and corrosion.
 E - a +0 demon trident of electrocution
Missiles
 h - 9 javelins
 t - 17 boomerangs (quivered)
 I - a throwing net
 W - 2 curare-tipped darts
Armour
 b - a +0 cloak of preservation (worn)
 i - a +0 pair of boots (worn)
 s - a +2 hat (worn)
 A - a +0 pair of gloves (worn)
 T - a +0 troll leather armour (worn)
Jewellery
 l - a ring of protection from fire
 p - a ring of willpower
 q - a ring of protection from cold
 r - an amulet of regeneration
 G - a ring of flight (left hand)
 H - the ring "Tucaal" {rElec rPois rF++ MP+9 Str-2}
   (You found it on level 2 of the Shoals)

   [ring of poison resistance]

   Str:       It affects your strength (-2).
   rF:        It greatly protects you from fire.
   rElec:     It insulates you from electricity.
   rPois:     It protects you from poison.
   MP:        It affects your magic capacity (+9).
 O - the ring of Kairot (right hand) {Will+ Slay+2 SInv}
   (You bought it in a shop on level 3 of the Dungeon)

   [ring of see invisible]

   Slay:      It affects your accuracy & damage with ranged weapons and melee
   (+2).
   SInv:      It lets you see invisible.
   Will:      It increases your willpower.
 S - an amulet of guardian spirit (around neck)
Wands
 g - a wand of iceblast (6)
 F - a wand of acid (20)
 L - a wand of paralysis (9)
 M - a wand of flame (66)
 U - a wand of digging (4)
Scrolls
 f - a scroll of fog
 o - a scroll of vulnerability
 v - 4 scrolls of identify
 x - a scroll of silence
 z - 5 scrolls of magic mapping
 C - a scroll of amnesia
 D - 7 scrolls of teleportation
Potions
 j - 12 potions of curing
 k - 2 potions of resistance
 m - a potion of experience
 n - a potion of ambrosia
 u - 7 potions of brilliance
 w - 3 potions of cancellation
 J - 2 potions of lignification
 K - a potion of berserk rage
 N - 4 potions of flight
 P - a potion of might
 R - a potion of magic
 Y - 2 potions of haste
Miscellaneous
 B - a box of beasts (inert)
 Z - a phantom mirror (inert)


   Skills:
 + Level 15.8 Fighting
 - Level 14.4 Polearms
 - Level 0.8 Throwing
 - Level 0.8 Armour
 + Level 15.2 Dodging
 - Level 3.0 Stealth
 - Level 3.0 Spellcasting
 - Level 5.9 Conjurations
 - Level 7.9 Translocations


You couldn't memorise any spells.
You knew the following spells:

 Your Spells              Type           Power      Damage    Failure   Level
a - Blink                 Tloc           78%        N/A       1%          2
b - Teleport Other        Tloc           39%        N/A       1%          3
c - Gell's Gravitas       Tloc           39%        N/A       1%          3
d - Iskenderun's Mystic   Conj/Tloc      35%        2d8       8%          4
e - Summon Forest         Summ/Tloc      10%        N/A       58%         5
f - Mephitic Cloud        Conj/Pois/Air  12%        N/A       19%         3

Your spell library contained the following spells:

 Spells                   Type           Power      Damage    Failure   Level
 Lesser Beckoning         Tloc           39%        N/A       1%          3
 Portal Projectile        Hex/Tloc       42%        N/A       9%          3
 Dazzling Flash           Conj/Hex       34%        N/A       12%         3
 Stone Arrow              Conj/Erth      34%        3d9       12%         3
 Slow                     Hex            12%        N/A       14%         1
 Sting                    Tmut/Pois      12%        1d3       14%         1
 Manifold Assault         Tloc           39%        N/A       14%         5
 Corpse Rot               Necr/Air       6%         N/A       21%         2
 Poisonous Vapours        Pois/Air       6%         N/A       21%         2
 Sublimation of Blood     Necr           3%         N/A       21%         2
 Iskenderun's Battlesphe  Conj           30%        2d8       32%         5
 Call Canine Familiar     Summ           3%         N/A       38%         3
 Confusing Touch          Hex            3%         N/A       38%         3
 Ignite Poison            Fire/Tmut/Pois 3%         N/A       38%         3
 Inner Flame              Hex/Fire       3%         N/A       38%         3
 Vampiric Draining        Necr           3%         2d6       38%         3
 Fireball                 Conj/Fire      8%         3d6       75%         5
 Irradiate                Conj/Tmut      8%         3d16      75%         5
 Animate Armour           Summ/Erth      6%         N/A       80%         4
 Cause Fear               Hex            1%         N/A       80%         4
 Leda's Liquefaction      Hex/Erth       1%         N/A       80%         4
 Olgreb's Toxic Radiance  Pois           3%         N/A       80%         4
 Petrify                  Tmut/Erth      3%         N/A       80%         4
 Freezing Cloud           Conj/Ice/Air   6%         6-21      86%         5
 Summon Mana Viper        Hex/Summ       3%         N/A       98%         5
 Conjure Ball Lightning   Conj/Air       8%         3x3d6     99%         6
 Starburst                Conj/Fire      8%         6d4       99%         6
 Simulacrum               Ice/Necr       1%         N/A       100%        6
 Summon Cactus Giant      Summ           1%         N/A       100%        6
 Orb of Destruction       Conj           15%        9d7       100%        7
 Borgnjor's Revivificati  Necr           1%         N/A       100%        8
 Discord                  Hex            1%         N/A       100%        8
 Lehudib's Crystal Spear  Conj/Erth      8%         10d4      100%        8
 Necromutation            Tmut/Necr      1%         N/A       100%        8
 Death's Door             Necr           1%         N/A       100%        9
 Polar Vortex             Ice            1%         N/A       100%        9


Dungeon Overview and Level Annotations

Branches:
Dungeon (10/15)            Temple (0/1) D:6            Lair (6/6) D:9
 Shoals (3/4) Lair:3        Snake (4/4) Lair:3        Slime (0/5) Lair:6
    Orc (2/2) D:10            Elf (1/3) Orc:2

Shops:
D:3 =   D:5 *   D:6 !!=[=   Orc:2 =[*:=   Shoals:1 [   Shoals:2 *   Snake:3 *

Annotations:
Shoals:2 Ilsuiw
Snake:3 3 runed translucent doors, exclusion: obsidian statue, Umauzatz's ghost, adept FoFi; Vashnia


Innate Abilities, Weirdness & Mutations

You have an increased reservoir of magic. (+10% MP)
You shall have no god before yourself.
Your divine heritage dramatically boosts your attributes as you level up.
You are agile. (Dex +2)


Message History

The sling bullet hits you!!
The satyr shoots an arrow.
The arrow hits you. The arrow burns you.
You fly downwards.
Found 18 gold pieces.
There is a stone staircase leading up here.
Unknown command.
Unknown command.
Unknown command.
You puncture the satyr!
The satyr is lightly wounded.
Unknown command.
Unknown command.
You puncture the satyr!
The satyr is moderately wounded.
The satyr shoots an arrow.
The arrow closely misses you.
Unknown command.
Unknown command.
Unknown command.
Unknown command.
You closely miss the satyr.
The satyr is moderately wounded.
The satyr shoots an arrow.
The arrow hits you!!
* * * LOW HITPOINT WARNING * * *
The arrow burns you!
* * * LOW HITPOINT WARNING * * *
Unknown command.
Unknown command.
Unknown command.
Unknown command.
Press: ? - help, v - describe, . - travel
Here: a satyr, wielding a +2 longbow of flaming and quivering arrows (moderately wounded)
The floor, spattered with blood.
Aiming: Phantom Mirror
Press: ? - help, Dir - move target, f - satyr
Aim: a satyr, wielding a +2 longbow of flaming and quivering arrows (moderately wounded)
You reflect the satyr with the mirror!
The mirror clouds!
Your satyr plays a lulling melody on his pipes!
The satyr resists with significant effort.
The satyr shoots an arrow.
The arrow hits you!!
You die...

.... .... ...
..## ...# .c.##
##c.$.#..
#@......≈
≈≈≈≈..........≈
≈≈≈≈....≈≈≈≈≈≈≈
≈≈≈≈≈≈≈≈≈≈≈≈≈≈≈
≈≈≈≈≈≈≈≈≈≈≈...≈
.≈≈≈≈≈≈≈≈≈≈....
#≈≈≈≈≈≈≈≈≈≈≈≈≈.
#.≈≈≈≈≈≈≈≈≈≈≈≈.


You could see a satyr (ally target) and a friendly satyr (summoned, drained).

Vanquished Creatures
  Nikola (Snake:1)
  Donald (Shoals:1)
  3 nagarajas
  The ghost of Cecur the Earth Mage, a journeyman DrEE of Hepliaklqana (Lair:6)
  A merfolk impaler (Shoals:2)
  2 boulder beetles
  Harold (D:7)
  A salamander tyrant (Snake:4)
  4 hydras
  11 anacondas
  6 naga warriors
  3 two-headed ogres
  2 merfolk avatars (Shoals:1)
  3 death yaks
  Urug (Lair:4)
  An orc high priest (Orc:1)
  8 naga sharpshooters
  7 shock serpents
  2 salamander mystics
  5 sea snakes
  3 naga ritualists
  2 orc knights (Orc:2)
  5 harpies (Shoals:2)
  5 manticores
  An oklob plant (Lair:4)
  10 orc sorcerers (Orc:2)
  7 mana vipers
  5 salamanders
  2 cyclopes (Lair:3)
  9 fauns
  3 merfolk sirens (Shoals:1)
  12 elephants
  4 guardian serpents
  36 black mambas
  A water nymph (Lair:3)
  12 cane toads
  9 naga magi
  An unseen horror (D:8)
  Maggie (D:7)
  2 rime drakes
  14 komodo dragons
  5 trolls
  8 merfolk
  6 hornets
  3 nameless horrors
  2 wind drakes (Shoals:1)
  Grinder (D:6)
  4 polar bears
  7 dream sheep
  4 slime creatures (Lair:6)
  9 blink frogs
  3 snapping turtles
  11 spriggans
  2 water elementals (Shoals:1)
  8 wyverns
  2 basilisks
  45 yaks
  Menkaure (D:7)
  35 nagas
  9 wargs
  11 water moccasins
  17 orc warriors
  6 black bears
  An ice beast (D:7)
  A hornet zombie (D:7)
  7 ogres
  5 boggarts
  9 centaurs
  39 wolves
  A phantom (D:6)
  2 kobold brigands
  16 bullfrogs
  Blork the orc (D:6)
  A gnoll sergeant (D:8)
  A wyvern zombie (D:9)
  A scorpion (D:4)
  A wyvern skeleton (D:7)
  10 killer bees
  3 howler monkeys
  8 wights
  An electric eel (Snake:3)
  A centaur zombie (D:9)
  A gnoll shaman (D:4)
  5 hounds
  A bullfrog skeleton (D:7)
  23 orc priests
  A centaur skeleton (D:4)
  3 iguanas
  33 orc wizards
  17 hell rats
  A killer bee zombie (D:5)
  16 gnolls
  7 adders
  2 shadow imps (D:6)
  An ufetubus (D:5)
  2 dart slugs
  131 orcs
  3 bats
  8 endoplasms
  5 giant cockroaches
  4 goblins
  6 hobgoblins
  7 quokkas
  4 ball pythons
  5 frilled lizards
  17 kobolds
  8 rats
827 creatures vanquished.

Vanquished Creatures (collateral kills)
  A nagaraja (Snake:2)
  A naga warrior (Snake:1)
2 creatures vanquished.

Vanquished Creatures (others)
  2 orc wizards (Orc:2)
  A bush (D:10)
  32 fungi
  100 plants
  A snaplasher vine (Snake:2)
136 creatures vanquished.

Grand Total: 965 creatures vanquished

Notes
Turn   | Place    | Note
-------+----------+-------------------------------------------
     0 | D:1      | drugrobin the Demigod Warper began the quest for the Orb.
     0 | D:1      | Reached XP level 1. HP: 17/17 MP: 5/5
   122 | D:1      | Reached skill level 1 in Stealth
   173 | D:1      | Reached XP level 2. HP: 23/24 MP: 7/7
   232 | D:1      | Learned a level 2 spell: Blink
   922 | D:2      | Identified the +6 spear of Evisceration {freeze, rN++
                  | rCorr}
   992 | D:2      | Reached XP level 3. HP: 29/29 MP: 8/8
  1808 | D:3      | Found Femo's Jewellery Shoppe.
  1974 | D:3      | Reached XP level 4. HP: 36/36 MP: 9/9
  3121 | D:4      | Reached XP level 5. HP: 42/42 MP: 10/10
  3549 | D:4      | Learned a level 3 spell: Teleport Other
  3826 | D:4      | Reached XP level 6. HP: 39/51 MP: 11/11
  4124 | D:4      | Reached skill level 5 in Polearms
  4418 | D:4      | Learned a level 3 spell: Gell's Gravitas
  4419 | D:5      | Entered Level 5 of the Dungeon
  4486 | D:5      | Found Wupik's Overcharged Wands.
  4895 | D:6      | Found Warul's Distillery.
  4903 | D:6      | Bought a potion of degeneration for 15 gold pieces
  4903 | D:6      | Bought a potion of might for 60 gold pieces
  4903 | D:6      | Bought a potion of heal wounds for 75 gold pieces
  4903 | D:6      | Bought a potion of curing for 45 gold pieces
  4936 | D:6      | Noticed Grinder
  5005 | D:6      | Found Ramidel's Armour Boutique.
  5005 | D:6      | Noticed a wyvern
  5026 | D:6      | Killed a wyvern
  5027 | D:6      | Reached XP level 7. HP: 20/59 MP: 3/12
  5397 | D:6      | Found Egiapoh's Jewellery Shoppe.
  5450 | D:6      | Noticed Blork the orc
  5474 | D:6      | Killed Blork the orc
  5477 | D:6      | Found Dunor's Distillery.
  5613 | D:6      | Found Unuixkyi's Jewellery Boutique.
  5964 | D:6      | Killed Grinder
  5965 | D:6      | Reached XP level 8. HP: 51/67 MP: 10/13
  5969 | D:6      | Reached skill level 5 in Fighting
  6127 | D:6      | Found a staircase to the Ecumenical Temple.
  6227 | D:6      | Bought a potion of heal wounds for 55 gold pieces
  6312 | D:7      | Noticed Menkaure
  6324 | D:7      | Killed Menkaure
  7509 | D:7      | Noticed Harold
  8293 | D:7      | Reached XP level 9. HP: 54/75 MP: 7/14
  8523 | D:8      | Noticed an unseen horror
  8838 | D:8      | Killed an unseen horror
  9491 | D:8      | Reached skill level 10 in Polearms
 10251 | D:8      | Reached skill level 5 in Dodging
 10380 | D:7      | Reached XP level 10. HP: 29/86 MP: 15/15
 10947 | D:9      | Found a staircase to the Lair.
 11542 | D:9      | Noticed a two-headed ogre
 11602 | D:9      | Killed a two-headed ogre
 12047 | D:10     | Entered Level 10 of the Dungeon
 12139 | D:10     | Noticed a two-headed ogre
 12178 | D:10     | Killed a two-headed ogre
 12572 | D:10     | Reached XP level 11. HP: 52/95 MP: 14/17
 12934 | D:10     | Found a staircase to the Orcish Mines.
 12957 | D:10     | Identified the +9 quarterstaff "Starlight" {speed, rElec
                  | rCorr Dex+4}
 13254 | Orc:1    | Entered Level 1 of the Orcish Mines
 13535 | Orc:1    | Noticed an orc high priest
 13821 | Orc:1    | Noticed a sixfirhy
 13959 | Orc:1    | Killed an orc high priest
 14044 | Orc:2    | Entered Level 2 of the Orcish Mines
 14663 | Orc:2    | Found Renwebuv's Jewellery Emporium.
 14744 | Orc:2    | Found Amuafamuha's Book Boutique.
 14764 | Orc:2    | Noticed a soul eater
 14783 | Orc:2    | Gained mutation: You are agile. (Dex +2) [a neqoxec]
 15046 | Orc:2    | Noticed a two-headed ogre
 15055 | Orc:2    | Killed a two-headed ogre
 15056 | Orc:2    | Reached skill level 10 in Fighting
 15368 | Orc:2    | Found a staircase to the Elven Halls.
 15431 | Orc:2    | Found Evar Roc's Jewellery Shop.
 15460 | Orc:2    | Found Huug's Antique Armour Boutique.
 15460 | Orc:2    | Found Cieta's General Store.
 15750 | Orc:1    | Noticed an orc knight
 15845 | Orc:2    | Killed an orc knight
 15846 | Orc:2    | Reached XP level 12. HP: 84/107 MP: 18/18
 16516 | Lair:1   | Entered Level 1 of the Lair of Beasts
 16578 | Lair:1   | Noticed an eight-headed hydra
 16594 | Lair:1   | Killed an eight-headed hydra
 17507 | Lair:2   | Reached skill level 10 in Dodging
 17530 | Lair:2   | Identified the +1 quarterstaff of the Twisting Moth
                  | {vorpal, rPois Int+4}
 17646 | Lair:2   | Noticed a seven-headed hydra
 17662 | Lair:2   | Killed a seven-headed hydra
 18683 | Lair:3   | Found a staircase to the Shoals.
 18899 | Lair:3   | Reached XP level 13. HP: 87/117 MP: 19/19
 19026 | Lair:3   | Found a staircase to the Snake Pit.
 19069 | Lair:3   | Identified the +0 war axe "Unachemi" {antimagic, Str+3
                  | Int+3}
 20050 | Lair:4   | Noticed Urug
 20273 | Lair:4   | Killed Urug
 22194 | Lair:6   | Entered Level 6 of the Lair of Beasts
 22194 | Lair:6   | Found a staircase to the Slime Pits.
 22930 | Lair:6   | Reached skill level 5 in Translocations
 22993 | Lair:6   | Found a runed translucent door.
 23002 | Lair:6   | Noticed Cecur's ghost (journeyman DrEE)
 23490 | Lair:6   | Noticed a dire elephant
 23569 | Lair:6   | Paralysed by a hornet for 2 turns
 23630 | Lair:6   | Paralysed by a hornet for 3 turns
 23781 | Lair:6   | Reached XP level 14. HP: 113/129 MP: 17/20
 24334 | Lair:6   | Killed Cecur's ghost
 24855 | Shoals:1 | Entered Level 1 of the Shoals
 24867 | Lair:3   | Learned a level 4 spell: Iskenderun's Mystic Blast
 25133 | Snake:1  | Entered Level 1 of the Snake Pit
 27652 | Snake:2  | Noticed a nagaraja
 27881 | Snake:1  | Killed a nagaraja
 28809 | Snake:2  | Identified the +5 leather armour "Yda Holiqie" {*Slow
                  | Will+++ Stlth+}
 29981 | Snake:2  | Reached skill level 1 in Conjurations
 30098 | Snake:2  | Noticed Nikola
 30225 | Snake:1  | Killed Nikola
 30807 | Orc:2    | Bought a book of the Wilderness for 532 gold pieces
 30807 | Orc:2    | Bought a Trismegistus Codex for 392 gold pieces
 30872 | Elf:1    | Entered Level 1 of the Elven Halls
 30966 | D:7      | Noticed Maggie
 30980 | D:7      | Killed Maggie
 31121 | D:3      | Bought an amulet of regeneration for 390 gold pieces
 31121 | D:3      | Bought the ring of Kairot {Will+ Slay+2 SInv} for 468 gold
                  | pieces
 31276 | D:7      | Killed Harold
 32023 | Snake:3  | Reached XP level 15. HP: 139/139 MP: 20/22
 32029 | Snake:3  | Learned a level 5 spell: Summon Forest
 32358 | Snake:3  | Identified the +6 falchion of Dishonour {venom, rN+ Will+}
 32403 | Snake:3  | Noticed a nagaraja
 32851 | Snake:2  | Learned a level 3 spell: Mephitic Cloud
 33008 | Snake:2  | Killed a nagaraja
 33345 | Snake:3  | HP: 6/139 [poisoned by a sea snake]
 33747 | Snake:3  | Found a runed translucent gate.
 33747 | Snake:3  | Found a runed translucent gate.
 33747 | Snake:3  | Found a runed translucent gate.
 33749 | Snake:3  | Noticed Umauzatz's ghost (adept FoFi)
 33750 | Snake:3  | Found Riasm's Assorted Antiques.
 33980 | Snake:3  | Identified a scroll of acquirement
 33980 | Snake:3  | Acquired 445 gold pieces
 34647 | Snake:3  | Noticed Vashnia
 34771 | Snake:4  | Entered Level 4 of the Snake Pit
 34886 | Snake:4  | Reached skill level 15 in Fighting
 34975 | Snake:4  | Reached skill level 5 in Conjurations
 35589 | Snake:4  | Noticed a nagaraja
 35605 | Snake:4  | Noticed a nagaraja
 35770 | Snake:3  | Killed a nagaraja
 36475 | D:6      | Bought a ring of protection from fire for 325 gold pieces
 36953 | Snake:4  | Noticed a nagaraja
 36984 | Snake:3  | Killed a nagaraja
 36988 | Snake:3  | HP: 5/141 [poisoned by a nagaraja (poison arrow)]
 37723 | Shoals:1 | Noticed Donald
 37912 | Shoals:1 | Found Xeehid's Antique Armour Boutique.
 38688 | Shoals:1 | Killed Donald
 38863 | Shoals:1 | Reached skill level 15 in Dodging
 39046 | D:6      | Bought a ring of flight for 192 gold pieces
 39585 | Shoals:2 | Identified the ring "Tucaal" {rElec rPois rF++ MP+9 Str-2}
 39827 | Shoals:2 | Found Gamom's General Store.
 39986 | Shoals:2 | Noticed Ilsuiw
 40639 | Shoals:3 | Shot with an arrow by a satyr

Illustrated notes

Levels and vault maps discovered:
D:1:      shiori_arrival_elements, layout_loops_ring,
          hellmonk_ecumenical_altar_leap_of_faith, minivault_5
D:2:      layout_loops_ring, basic_altar
D:3:      layout_loops_ring, mainiacjoe_overflow_divided_tiny, serial_shops,
          shop, kennysheep_generic_room_13
D:4:      layout_basic, mainiacjoe_overflow_paths
D:5:      layout_rooms, minmay_misc_feat_plants, nicolae_shop_overcharged_wands
D:6:      layout_loops_ring, nicolae_kikubaaqudgha_miasma_corner,
          nicolae_ashenzari_skybound, minmay_temple_entry_offerings,
          serial_shops, shop_fountains, shop_statue, shop_statue,
          nicolae_inconvenience_store, shop_fountains, st_stairs_2,
          uniq_blork_the_orc, uniq_grinder
D:7:      layout_rooms, mainiacjoe_overflow_alcove_4,
          fedhas_bush_and_centaur_altar, uniq_harold, uniq_maggie, uniq_menkaure
D:8:      layout_loops_ring, nicolae_uskayaw_murder_on_the_dancefloor,
          special_room [special_room_orc], serial_park_tiny_1
D:9:      layout_loops_ring, erik_lair_orcish_takeover
D:10:     layout_loops_corners, mainiacjoe_overflow_alcove_1,
          nicolae_overflow_crystal_walls, hiddenorc2_lemuel,
          kb_lookout_dungeons_type, hex_medium
Lair:1:   layout_roguey, grunt_megastairs_2
Lair:2:   layout_misc_corridors, grunt_megastairs_5
Lair:3:   layout_concentric_octagons, minmay_shoals_entry_centaurs,
          guppyfry_snake_entry_island, infiniplex_staircase_pool
Lair:4:   layout_small_grid, basic_altar, uniq_urug
Lair:5:   layout_gridlike, grunt_forest_small_clearing_treed
Lair:6:   minmay_lair_end_enchanted_forest, layout_long_grid,
          minmay_slime_entry_pillars, ebering_ghost_inner_flame
Shoals:1: layout_shoals, serial_shops, shop, uniq_donald
Shoals:2: layout_shoals, serial_shops, nicolae_shop_waterfront, uniq_ilsuiw
Shoals:3: layout_shoals
Snake:1:  layout_layer_cave, drop_trap, abandoned_shop,
          nicolae_snake_gridmaze_swirls
Snake:2:  layout_grid_maze, uniq_nikola
Snake:3:  layout_chambers, ebering_ghost_gozag, st_stairs_7, drop_trap,
          serial_bayou_crossing, serial_bayou_shore_a, uniq_vashnia
Snake:4:  grunt_snake_rune_spirals, layout_onion, corexii_hall_statues_x,
          nicolae_snake_lava_pool
Orc:1:    layout_caves, bh_open_orc_temple
Orc:2:    st_orc_town, layout_caves, serial_shops, shop
Elf:1:    layout_geoelf_diagonals, minmay_elf_sorcery

Skill      XL: |  1  2  3  4  5  6  7  8  9 10 11 12 13 14 15 |
---------------+----------------------------------------------+-----
Polearms       | 2 3 4 5 7 8 10 11 12 14 | 14.4
Stealth        | 1 2 3 |  3.0
Fighting       | 2 3 4 6 7 8 10 11 13 14 15 | 15.8
Dodging        | 3 5 7 9 10 12 13 15 | 15.2
Translocations | 5 7 |  7.9
Conjurations   | 2 5 |  5.9
Spellcasting   | 2 3 |  3.0
Throwing       | |  0.8
Armour         | |  0.8

Action                   |  1- 3 |  4- 6 |  7- 9 | 10-12 | 13-15 || total
-------------------------+-------+-------+-------+-------+-------++-------
Melee: Spear             |   105 |   165 |   394 |   614 |  1001 ||  2279
       Punch             |     1 |       |       |     4 |    23 ||    28
       Quarterstaff      |       |       |       |   523 |   871 ||  1394
       Trident           |       |       |       |    58 |    64 ||   122
       Demon trident     |       |       |       |       |   425 ||   425
 Fire: Hunting sling     |       |     5 |    29 |     1 |    23 ||    58
Throw: Stone             |    14 |       |       |       |       ||    14
       Boomerang         |     1 |    11 |     8 |    43 |   106 ||   169
       Dart              |       |       |     5 |    19 |     5 ||    29
       Throwing net      |       |       |     1 |       |       ||     1
 Cast: Teleport Other    |       |     2 |       |       |    13 ||    15
       Blink             |       |       |     9 |    18 |    31 ||    58
       Gell's Gravitas   |       |       |     9 |    38 |     8 ||    55
       Mephitic Cloud    |       |       |       |       |     3 ||     3
       Iskenderun's Myst |       |       |       |       |     3 ||     3
       Summon Forest     |       |       |       |       |     1 ||     1
Evoke: Wand              |       |       |     4 |       |     3 ||     7
       Phantom mirror    |       |       |       |       |     3 ||     3
       Box of beasts     |       |       |       |       |     1 ||     1
  Use: Potion            |       |     1 |       |     2 |     7 ||    10
       Scroll            |       |       |     1 |     6 |    23 ||    30
 Stab: Sleeping          |     3 |     5 |     2 |     5 |     9 ||    24
       Distracted        |       |     2 |     1 |       |     5 ||     8
       Confused          |       |       |       |       |     2 ||     2
Armor: Leather armour    |    23 |    11 |       |       |       ||    34
       Robe              |       |     2 |    61 |     1 |       ||    64
       Troll leather arm |       |       |       |   143 |   261 ||   404
       Skin              |       |       |       |       |     5 ||     5
Dodge: Dodged            |    36 |    66 |   166 |   640 |  1414 ||  2322
Block: Buckler           |     2 |    19 |    54 |    37 |       ||   112

Table legend: (Time is in decaauts)
 A = Elapsed time spent in this place.
 B = Non-inter-level travel time spent in this place.
 C = Inter-level travel time spent in this place.
 D = Time resting spent in this place.
 E = Time spent auto-exploring this place.
 F = Levels seen in this place.
 G = Mean time per level.
                   A        B        C        D        E       F      G
               +--------+--------+--------+--------+--------+-----+--------+
         Total |  39138 |  35450 |   3688 |   8635 |  15673 |  26 | 1505.3 |
       Dungeon |  14382 |  12785 |   1597 |   2955 |   6845 |  10 | 1438.2 |
          Lair |   8529 |   7734 |    795 |   1304 |   3863 |   6 | 1421.5 |
        Shoals |   2786 |   2595 |    191 |    522 |   1000 |   3 |  928.7 |
     Snake Pit |  10610 |   9742 |    868 |   3518 |   2980 |   4 | 2652.5 |
  Orcish Mines |   2820 |   2588 |    232 |    336 |    984 |   2 | 1410.0 |
   Elven Halls |      8 |      4 |      4 |      0 |      0 |   1 |    8.0 |
               +--------+--------+--------+--------+--------+-----+--------+

Top non-repeatable levels by time:
 Snake:1: 3840 daAuts
 Snake:3: 3320 daAuts
 Snake:2: 2894 daAuts
     D:6: 2666 daAuts
     D:8: 2373 daAuts
  Lair:6: 1955 daAuts
Shoals:1: 1951 daAuts
  Lair:3: 1764 daAuts
   Orc:2: 1750 daAuts
    D:10: 1567 daAuts
     D:7: 1541 daAuts
     D:4: 1539 daAuts
  Lair:4: 1531 daAuts
     D:3: 1309 daAuts
  Lair:5: 1260 daAuts
